 Dungeon Crawl Stone Soup version 0.29-a0-284-gf9362112df (webtiles) character file.

Game seed: 15874032788978840108

4147 jlumianski the Carver (level 10, -9/76 HPs)
             Began as a Demonspawn Fighter on Apr 1, 2022.
             Was an Elder of Okawaru.
             Killed from afar by Erica (25 damage)
             ... with a lance of force
             ... on level 8 of the Dungeon.
             The game lasted 00:32:02 (9558 turns).

jlumianski the Carver (Demonspawn Fighter)          Turns: 9558, Time: 00:32:02

Health: -9/76      AC: 17    Str: 21    XL:     10   Next: 7%
Magic:  14/14      EV:  6    Int:  9    God:    Okawaru [****..]
Gold:   332        SH:  6    Dex: 13    Spells: 9/9 levels left

rFire   + . .      SeeInvis .   n - +5 long sword (freeze)
rCold   x . .      Faith    .   c - +1 buckler
rNeg    . . .      Spirit   .   x - +0 plate armour
rPois   .          Reflect  .   (no helmet)
rElec   .          Harm     .   (no cloak)
rCorr   .          Rampage  .   (no gloves)
Will    .....                   H - +0 pair of boots
Stlth   ..........              (no amulet)
HPRegen 0.22/turn               S - ring of fire
MPRegen 0.14/turn               B - +4 ring of protection

@: slowed, very slow
A: powered by pain 2, demonic magic 2, weakness stinger 2
a: Renounce Religion, Heroism, Finesse


You were on level 8 of the Dungeon.
You worshipped Okawaru.
Okawaru was greatly pleased with you.
You visited 1 branch of the dungeon, and saw 8 of its levels.

You collected 400 gold pieces.
You spent 68 gold pieces at shops.

Inventory:

Hand Weapons
 a - a +0 war axe
 i - a +1 dagger of speed
 k - a +1 double sword of draining
 n - a +5 long sword of freezing (weapon)
 v - a +0 hunting sling of flaming
 C - a +0 broad axe
 D - a +2 hunting sling of flaming
 I - a +0 war axe of venom
 N - a +0 short sword
 O - a +4 battleaxe of freezing
Missiles
 j - 155 stones
 w - 6 javelins
 y - a throwing net
 E - 5 atropa-tipped darts
 J - 14 poisoned darts
 K - 12 boomerangs (quivered)
Armour
 b - a +0 scale mail
 c - a +1 buckler (worn)
 x - a +0 plate armour (worn)
 H - a +0 pair of boots (worn)
 R - +0 steam dragon scales
Magical Staves
 p - a staff of cold
 r - a staff of air
Jewellery
 s - a ring of flight
 B - a +4 ring of protection (right hand)
 G - an amulet of the acrobat
 S - a ring of fire (left hand)
Wands
 A - a wand of acid (6)
 M - a wand of paralysis (10)
 Q - a wand of polymorph (6)
Scrolls
 f - 4 scrolls of magic mapping
 h - 2 scrolls of amnesia
 l - 2 scrolls of teleportation
 u - a scroll of noise
 F - a scroll of immolation
 L - 2 scrolls of fear
Potions
 d - 4 potions of might
 e - a potion of degeneration
 g - 2 potions of brilliance
 m - a potion of berserk rage {unknown}
 o - a potion of ambrosia {unknown}
 q - a potion of lignification
 t - 2 potions of curing
 z - a potion of mutation {unknown}
 P - a potion of attraction {unknown}


   Skills:
 + Level 5.7 Fighting
 * Level 10.3 Long Blades
 - Level 2.5 Axes
 + Level 1.0 Throwing
 + Level 4.7 Armour
 + Level 1.8 Dodging
 + Level 0.1 Stealth
 + Level 3.8 Shields
 * Level 5.9 Invocations


You had 9 spell levels left.
You didn't know any spells.
Your spell library contained the following spells:

 Spells                   Type           Power      Damage    Failure   Level
 Apportation              Tloc           0%         N/A       100%        1
 Ensorcelled Hibernation  Hex/Ice        0%         N/A       100%        2
 Passwall                 Tmut/Erth      0%         N/A       100%        2
 Swiftness                Air            0%         N/A       100%        3
 Animate Skeleton         Necr           Unusable   N/A       N/A         1
 Summon Small Mammal      Summ           Unusable   N/A       N/A         1

Dungeon Overview and Level Annotations

Branches:
Dungeon (8/15)             Temple (0/1) D:5            Lair (0/6) D:8

Altars:
Ashenzari
Cheibriados
Okawaru

Shops:
D:2 [*:?!

Annotations:
D:8 Erica


Innate Abilities, Weirdness & Mutations

You sometimes gain power by taking damage.
Spells you cast may paralyse nearby enemies.
You have a tail ending in a sharp stinger.


Message History

You remove your ring of flight.
You float gracefully downwards.
You feel more attuned to fire.
S - a ring of fire (left hand) Erica drinks a potion.
Erica seems to speed up.
Erica gestures wildly while chanting.
Erica flickers and vanishes!
Deactivating autopickup; reactivate with Ctrl-A.
You barely miss something.
Your tail-slap misses something.
Something hits you! Something hits you but does no damage.
You barely miss something. Something hits you. Something burns you.
You barely miss something.
You hear some strange, mumbled words.
You are confused.
You hit something. You freeze something.
Your tail-slap misses something.
Something hits you.
You miss something. Something hits you but does no damage. Something hits you.
You hit something. You freeze something.
You hear some strange, mumbled words.
Something tries to affect you, but you resist.
You miss something. Something hits you! Something burns you.
Something hits you.
You hear some strange, mumbled words.
Something tries to affect you, but you resist.
You barely miss something. Something hits you. Something burns you.
Something hits you but does no damage. Something hits you but does no damage.
You feel less confused.
You hear some strange, mumbled words.
You feel yourself slow down. Something hits you but does no damage.
Something hits you. Something hits you! Something burns you.
You miss something. You tail-slap something. Something hits you!
* * * LOW HITPOINT WARNING * * *
Something burns you.
* * * LOW HITPOINT WARNING * * *
You block something's attack.
You closely miss something.
You hear some strange, mumbled words.
A lance of force appears from out of thin air!
The lance of force hits you!!
You die...

......#.......#.......##..#......
.)...........##..........###.....
..##.........#.....#.#.....J.....
.##.......##......####...........
..........##......###..#.........
.......................#.........
........#.)...............{......
......###...........#######......
.#...#####....[{@..## #...#..
.#...#[###........### #.^.#..
.....[)[.#.......##.# #..##.#
.#...##....).)...<..# #......
.##..#...#........### #.$....
.........#....##### #......
.........###..# ......#
.........###.## .....###
.............# .....##


There were no monsters in sight!

Vanquished Creatures
  An elephant (D:7)
  A yak (D:7)
  2 basilisks
  A steam dragon (D:8)
  A water moccasin (D:7)
  2 sky beasts
  2 orc warriors
  3 ogres
  2 phantoms
  A kobold brigand (D:7)
  2 necrophages
  3 bullfrogs
  2 gnoll sergeants (D:8)
  4 scorpions
  10 wights
  A howler monkey (D:5)
  3 hounds
  2 gnoll shamans
  2 jellies (D:7)
  6 orc priests
  3 iguanas
  8 orc wizards
  21 gnolls
  5 adders
  A shadow imp (D:8)
  An ufetubus (D:5)
  2 worms
  3 dart slugs
  34 orcs
  4 endoplasms
  4 giant cockroaches
  6 goblins
  3 hobgoblins
  15 jackals
  13 kobolds
  5 quokkas
  4 ball pythons
  11 bats
  A frilled lizard (D:1)
  4 rats
199 creatures vanquished.

Notes
Turn   | Place    | Note
-------+----------+-------------------------------------------
     0 | D:1      | jlumianski the Demonspawn Fighter began the quest for the
                  | Orb.
     0 | D:1      | Reached XP level 1. HP: 18/18 MP: 1/1
    23 | D:1      | Found a faded altar of an unknown god.
   271 | D:1      | Gained mutation: You have a small tail. [demonic ancestry]
   271 | D:1      | Reached XP level 2. HP: 24/24 MP: 2/2
   480 | D:2      | Found Ketol's Book Shoppe.
  1182 | D:2      | Reached XP level 3. HP: 29/29 MP: 3/3
  1236 | D:2      | Found Bedaeh's Assorted Antiques.
  1239 | D:2      | Bought a scroll labelled SAQIMONTEPS for 20 gold pieces
  1270 | D:2      | Found Lotym's Magic Scroll Boutique.
  1288 | D:2      | Found Timiov's Distillery.
  1290 | D:2      | Bought a scroll of identify for 24 gold pieces
  1290 | D:2      | Bought a scroll of identify for 24 gold pieces
  1312 | D:2      | Identified a scroll of acquirement
  1313 | D:2      | Acquired a +0 double sword of venom
  1385 | D:2      | Found Syutisyl's Antique Armour Shop.
  1949 | D:2      | Reached skill level 1 in Long Blades
  1949 | D:2      | Gained mutation: Spells you cast may paralyse adjacent
                  | enemies. [demonic ancestry]
  1949 | D:2      | Reached XP level 4. HP: 29/35 MP: 4/4
  2016 | D:3      | Reached skill level 2 in Long Blades
  2290 | D:3      | Found a broken altar of Ashenzari.
  2292 | D:3      | Found an iron altar of Okawaru.
  2320 | D:3      | Became a worshipper of Warmaster Okawaru
  2419 | D:3      | Gained mutation: You have a tail ending in a sharp stinger.
                  | [demonic ancestry]
  2419 | D:3      | Reached XP level 5. HP: 15/41 MP: 5/5
  2659 | D:3      | Reached skill level 3 in Long Blades
  2795 | D:4      | Noticed an ogre
  3186 | D:4      | Reached XP level 6. HP: 48/48 MP: 6/6
  3195 | D:4      | Reached skill level 4 in Long Blades
  3521 | D:4      | Reached * piety under Okawaru
  3730 | D:4      | Reached skill level 5 in Long Blades
  3730 | D:4      | Gained mutation: You sometimes gain a little power by
                  | taking damage. [demonic ancestry]
  3730 | D:4      | Reached XP level 7. HP: 38/53 MP: 7/7
  4260 | D:5      | Entered Level 5 of the Dungeon
  4299 | D:5      | Reached skill level 1 in Invocations
  4500 | D:6      | Reached skill level 6 in Long Blades
  4768 | D:5      | Gained mutation: You sometimes gain power by taking damage.
                  | [demonic ancestry]
  4768 | D:5      | Reached XP level 8. HP: 51/60 MP: 9/9
  4860 | D:5      | Reached ** piety under Okawaru
  5021 | D:5      | Found a staircase to the Ecumenical Temple.
  5034 | D:5      | Reached skill level 7 in Long Blades
  6316 | D:6      | Found a snail-covered altar of Cheibriados.
  6475 | D:7      | Reached skill level 1 in Dodging
  6603 | D:7      | Reached skill level 8 in Long Blades
  6733 | D:7      | Gained mutation: Spells you cast may paralyse nearby
                  | enemies. [demonic ancestry]
  6733 | D:7      | Reached XP level 9. HP: 32/67 MP: 12/12
  7315 | D:7      | Reached *** piety under Okawaru
  7642 | D:7      | Reached skill level 5 in Fighting
  7796 | D:7      | Reached skill level 9 in Long Blades
  7896 | D:7      | Reached skill level 5 in Invocations
  8939 | D:8      | Found a staircase to the Lair.
  8939 | D:8      | Noticed an elephant
  8984 | D:7      | Killed an elephant
  8984 | D:7      | Reached **** piety under Okawaru
  8985 | D:7      | Reached skill level 10 in Long Blades
  8988 | D:7      | Reached XP level 10. HP: 40/76 MP: 14/14
  9200 | D:7      | Reached skill level 1 in Throwing
  9494 | D:8      | Noticed Erica
  9558 | D:8      | Killed from afar by Erica

Illustrated notes

Levels and vault maps discovered:
D:1:      dpeg_arrival_ratfight, layout_loops_corners,
          hellmonk_ecumenical_altar_heavens_door
D:2:      layout_loops_cross, serial_shops, shop, nicolae_diamond_shop,
          nicolae_shop_statue_plus, nicolae_shop_advertising_works
          [nicolae_subvault_shop_adworks], nicolae_shop_crystal
D:3:      layout_loops_ring, jmf_multi_god_temple, minmay_misc_feat_x
D:4:      layout_rooms, gup_sewer_entry_bubbles
D:5:      layout_basic, minmay_temple_entry_glass
D:6:      cheibrodos_quashed, layout_basic, slow_altar_1
D:7:      layout_basic, enter_bailey_5, serial_rivers,
          chequers_serial_rivers_large_b, chequers_serial_rivers_small_a,
          chequers_serial_rivers_micro_b, chequers_serial_rivers_micro_c,
          chequers_serial_rivers_micro_b, chequers_serial_rivers_micro_b
D:8:      layout_cave_pools, nicolae_dithmenos_through_a_glass_darkly,
          david_lair_generic, ploomutoo_gammafunk_ghost_potion_laboratory,
          minmay_three_doors, uniq_erica

Skill      XL: |  1  2  3  4  5  6  7  8  9 10 |
---------------+-------------------------------+-----
Axes           | 2 |  2.5
Shields        | 3 |  3.8
Long Blades    | 1 2 3 5 6 8 10 | 10.3
Armour         | 3 4 |  4.7
Fighting       | 4 5 |  5.7
Invocations    | 2 4 5 |  5.9
Dodging        | 1 |  1.8
Throwing       | 1 |  1.0
Stealth        | |  0.1

Action                   |  1- 3 |  4- 6 |  7- 9 | 10-12 || total
-------------------------+-------+-------+-------+-------++-------
Melee: War axe           |    69 |       |       |       ||    69
       Tailslap          |     9 |    12 |    36 |     7 ||    64
       Double sword      |    27 |   118 |   312 |       ||   457
       Long sword        |       |       |    58 |    38 ||    96
Throw: Stone             |     9 |    10 |    16 |       ||    35
       Boomerang         |       |       |     2 |       ||     2
Invok: Heroism           |       |       |     2 |       ||     2
  Use: Potion            |     1 |     1 |     3 |       ||     5
       Scroll            |     4 |     6 |     4 |       ||    14
Armor: Scale mail        |    68 |       |       |       ||    68
       Plate armour      |    27 |   105 |   235 |    28 ||   395
Dodge: Dodged            |    69 |    41 |    93 |     6 ||   209
Block: Buckler           |    26 |    22 |   115 |    18 ||   181

Table legend: (Time is in decaauts)
 A = Elapsed time spent in this place.
 B = Non-inter-level travel time spent in this place.
 C = Inter-level travel time spent in this place.
 D = Time resting spent in this place.
 E = Time spent auto-exploring this place.
 F = Levels seen in this place.
 G = Mean time per level.
                   A        B        C        D        E       F      G
               +--------+--------+--------+--------+--------+-----+--------+
         Total |   9724 |   9551 |    173 |   1724 |   5179 |   8 | 1215.5 |
       Dungeon |   9724 |   9551 |    173 |   1724 |   5179 |   8 | 1215.5 |
               +--------+--------+--------+--------+--------+-----+--------+

Top non-repeatable levels by time:
     D:7: 2122 daAuts
     D:3: 1905 daAuts
     D:5: 1517 daAuts
     D:1: 1066 daAuts
     D:8: 990 daAuts
     D:2: 818 daAuts
     D:6: 708 daAuts
     D:4: 595 daAuts
